 Dungeon Crawl Stone Soup version 0.21.1-1-g345015f (webtiles) character file.

31 tyranidshit the Skirmisher (level 3, 0/30 HPs)
             Began as a Demonspawn Abyssal Knight on June 20, 2018.
             Was a Follower of Lugonu.
             Succumbed to an adder's poison
             ... on level 2 of the Dungeon.
             The game lasted 00:02:35 (801 turns).

tyranidshit the Skirmisher (DsAK)                    Turns: 801, Time: 00:02:36

Health: 0/30       AC:  8    Str: 12 (13) XL:     3   Next: 7%
Magic:  1/4        EV:  5    Int: 11 (13) God:    Lugonu [*.....]
Gold:   42         SH:  0    Dex: 10 (12) Spells: 2/2 levels left

rFire    . . .     SeeInvis .   a - +1 hand axe
rCold    . . .     Gourm    .   (no shield)
rNeg     . . .     Faith    .   h - +0 chain mail
rPois    .         Spirit   +   (no helmet)
rElec    .         Reflect  .   f - scarf {Spirit}
rCorr    .         Harm     .   (no gloves)
MR       .....                  (no boots)
Stlth    ..........             (no amulet)
HPRegen  0.10/turn              i - ring of loudness (curse)
MPRegen  0.09/turn              (no ring)

@: lethally poisoned (0 -> -6)
A: talons 2
a: Depart the Abyss, Renounce Religion


You were on level 2 of the Dungeon.
You worshipped Lugonu.
Lugonu was aware of your devotion.
You were not hungry.

You visited 1 branch of the dungeon, and saw 2 of its levels.
You visited the Abyss 1 time.

You collected 42 gold pieces.

Inventory:

Hand Weapons
 a - a +1 hand axe (weapon)
 e - a +0 hand axe
Missiles
 d - 39 bolts
Armour
 b - a +0 leather armour
 f - a scarf of spirit shield (worn)
 h - a +0 chain mail (worn)
Jewellery
 i - a cursed ring of loudness (left hand)
Scrolls
 g - a scroll of remove curse
Comestibles
 c - 2 rations


   Skills:
 + Level 4.2 Fighting
 - Level 1.7 Axes
 - Level 1.7 Armour
 - Level 0.8 Dodging
 - Level 2.6 Invocations


You had 2 spell levels left.
You didn't know any spells.

Dungeon Overview and Level Annotations

Branches:
Dungeon (2/15)

Altars:


Innate Abilities, Weirdness & Mutations

You have razor-sharp toenails.


Message History

The hobgoblin shouts!
Found 11 poisoned needles, a flail, a hunting sling and a brass ring.
Found a stone staircase leading down.
A worm comes into view.
* * * LOW HITPOINT WARNING * * *
You feel sick.
Found a scroll labeled WIRUWA CUUGY.
* * * LOW HITPOINT WARNING * * *
You feel sick.
You see here a brass ring.
i - a brass ring
* * * LOW HITPOINT WARNING * * *
You feel sick. The hobgoblin closely misses you.
Put on which piece of jewellery? (? for menu, Esc to quit)
Oops, that ring feels deathly cold.
i - a cursed ring of loudness (left hand)
The hobgoblin hits you with a club.
* * * LOW HITPOINT WARNING * * *
There is a lethal amount of poison in your body!
You die...

.. .# .# #
#.# # . #.
#.#.. .
#.##.#.#?#
#....#.#.#
#@.....#
#..#.#w###
#g.....)..
#..#.#.####
#.#....>)..
#....(###.#
####.....#
#.###.# .#


You could see a worm and a hobgoblin.

Vanquished Creatures
  An adder (D:2)
  A leopard gecko (D:1)
  3 giant cockroaches (D:1)
  2 goblins (D:1)
  3 hobgoblins (D:1)
  4 jackals (D:1)
  2 frilled lizards (D:1)
  A kobold (D:1)
  2 rats
19 creatures vanquished.

Notes
Turn   | Place    | Note
-------+----------+-------------------------------------------
     0 | Abyss:1  | tyranidshit the Demonspawn Abyssal Knight began the quest for the Orb.
     0 | Abyss:1  | Reached XP level 1. HP: 18/18 MP: 2/2
    27 | Abyss:1  | Noticed a worldbinder
    29 | Abyss:1  | Noticed a jumping spider
    29 | Abyss:1  | Noticed a tarantella
    33 | Abyss:1  | Noticed a jumping spider
    33 | Abyss:1  | Noticed a jumping spider
    41 | Abyss:1  | Noticed a small abomination
    41 | Abyss:1  | Noticed a tarantella
    42 | Abyss:1  | Noticed a tarantella
    42 | Abyss:1  | Noticed a jumping spider
    43 | D:1      | Escaped the Abyss
   168 | D:1      | Gained mutation: You have sharp toenails. [demonic ancestry]
   168 | D:1      | Reached XP level 2. HP: 12/24 MP: 3/3
   318 | D:1      | Reached * piety under Lugonu
   789 | D:2      | Reached skill level 4 in Fighting
   789 | D:2      | Gained mutation: You have razor-sharp toenails. [demonic ancestry]
   789 | D:2      | Reached XP level 3. HP: 10/30 MP: 2/4
   800 | D:2      | HP: 1/30 [hobgoblin/club (1)]
   801 | D:2      | Succumbed to an adder's poison

Skill      XL: |  1  2 |
---------------+-------+-----
Fighting       | 4 |  4.2
Axes           | |  1.7
Armour         | |  1.7
Dodging        | |  0.8
Invocations    | |  2.6

Action                   || total
-------------------------++-------
Melee: Hand axe          ||    53
       Kick              ||     6
Invok: Depart the Abyss  ||     1
  Use: Scroll            ||     3
       Potion            ||     1
Armor: Leather armour    ||    16
       Chain mail        ||     4
Dodge: Dodged            ||    33
